Map: [TLMC15] Hardwire

Players

AGOElazer (Elazer) - Winner!

  • Race: Zerg Zerg
  • League: Master

HeroMarine

  • Race: Terran Terran
  • League: Master

VOD

Have the link to the VOD?

Description

Time

  • Played on: Oct. 21, 2021, 9:33 a.m.
  • Length: 18:36
Show
View Real Time Build Order
Export as new Build Order

AGOElazer Zerg - Winner!

Build Orders: Hatch First 

Get SALT Encoding   

  12  0:00  Drone  
  13  0:12  Overlord  
  13  0:17  Drone  
  14  0:31  Drone x2  
  16  0:47  Hatchery  
  15  0:50  Drone  
  15  0:54  Drone  
  17  0:58  Drone  
  18  1:08  Extractor  
  17  1:12  Spawning Pool  
  17  1:16  Drone  
  17  1:22  Drone  
  18  1:29  Drone  
  19  1:39  Drone  
  20  1:51  Drone  
  21  1:59  Queen x2  
  21  2:00  Zergling x4  
  27  2:12  Drone  
  27  2:13  Metabolic Boost  
  27  2:15  Overlord  
  28  2:29  Hatchery  
  27  2:31  Drone  
  27  2:34  Drone  
  29  2:38  Drone x2  
  29  2:44  Queen  
  31  2:49  Overlord  
  33  2:52  Drone  
  33  2:54  Drone  
  33  2:56  Drone  
  36  3:07  Overlord  
  36  3:08  Drone x4  
  40  3:18  Queen  
  42  3:20  Queen  
  42  3:26  Drone x2  
  46  3:28  Overlord  
  46  3:30  Drone  
  47  3:36  Drone  
  47  3:40  Drone x3  
  51  3:42  Queen  
  51  3:43  Drone  
  51  3:48  Overlord  
  54  3:52  Zergling x6  
  54  3:53  Zergling x2  
  58  3:59  Queen  
  58  4:01  Drone x2  
  58  4:02  Drone  
  63  4:04  Drone  
  63  4:10  Overlord  
  63  4:13  Drone x4  
  63  4:15  Baneling Nest  
  66  4:17  Overlord  
  66  4:23  Drone, Overlord  
  67  4:30  Zergling x2  
  67  4:31  Zergling x6  
  71  4:33  Queen  
  71  4:37  Overlord  
  73  4:40  Zergling x2  
  74  4:46  Queen  
  74  4:48  Zergling x2  
  74  4:49  Zergling x8  
  74  4:51  Spore Crawler  
  74  4:52  Spore Crawler  
  79  4:53  Overlord  
  79  4:55  Lair  
  73  5:07  Drone x7  
  73  5:10  Drone x2  
  73  5:12  Drone x2  
  85  5:15  Drone  
  85  5:17  Drone x3  
  85  5:19  Drone  
  90  5:21  Extractor  
  90  5:22  Overlord  
  90  5:23  Extractor  
  90  5:27  Hatchery  
  87  5:31  Overlord  
  87  5:36  Baneling x2  
  87  5:37  Baneling x2, Zergling x4  
  87  5:40  Zergling x8, Extractor  
  92  5:43  Zergling x4  
  92  5:44  Queen  
  92  5:45  Queen  
  92  5:49  Overlord  
  96  5:53  Zergling x6  
  97  6:00  Zergling x2  
  97  6:01  Zergling x8  
  97  6:04  Queen  
  94  6:05  Zergling x2  
  94  6:11  Zergling x10  
  94  6:12  Centrifugal Hooks  
  94  6:14  Evolution Chamber  
  94  6:15  Evolution Chamber  
  94  6:18  Drone  
  97  6:24  Drone  
  97  6:25  Drone  
  99  6:29  Baneling x3  
  99  6:31  Drone  
  99  6:32  Overlord  
  100  6:33  Hatchery  
  100  6:36  Overlord  
  100  6:39  Zergling x10  
  104  6:41  Zerg Melee Weapons Level 1, Zerg Ground Armor Level 1  
  104  6:43  Baneling x2  
  104  6:44  Baneling  
  104  6:45  Zergling x2  
  104  6:46  Zergling x2  
  106  6:53  Overlord  
  106  6:55  Zergling x12  
  111  7:04  Drone x3  
  111  7:05  Drone x3  
  117  7:13  Drone x3  
  117  7:14  Drone  
  121  7:16  Overlord  
  121  7:17  Overseer  
  113  7:27  Zergling x14  
  117  7:35  Zergling x2  
  111  7:41  Zergling x2  
  111  7:42  Zergling x6  
  104  7:47  Zergling x10  
  104  7:51  Queen  
  105  7:52  Zergling x6  
  103  7:59  Zergling x4  
  103  8:03  Zergling x6  
  107  8:06  Queen x3  
  107  8:11  Zergling x2  
  107  8:12  Zergling x6  
  119  8:15  Baneling x10  
  119  8:17  Baneling x6  
  119  8:21  Burrow  
  119  8:24  Drone x8  
  124  8:34  Overlord  
  124  8:38  Zergling x2  
  124  8:39  Zergling x18  
  134  8:42  Baneling x7  
  134  8:46  Zergling x2  
  134  8:47  Zergling x8  
  133  8:55  Zergling x2  
  133  8:56  Zergling x8  
  133  8:59  Zerg Ground Armor Level 2, Zerg Melee Weapons Level 2  
  138  9:05  Zergling x14  
  138  9:08  Baneling x12  
  145  9:14  Zergling x10  
  149  9:24  Overseer x2  
  149  9:26  Pneumatized Carapace  
  143  9:35  Zergling x24  
  152  9:43  Zergling x14  
  159  9:49  Baneling x5  
  158  9:58  Zergling x30  
  173  10:05  Overlord x2  
  173  10:06  Hatchery  
  164  10:07  Baneling x13  
  164  10:08  Zergling x10  
  169  10:15  Zergling x6  
  169  10:20  Drone, Infestation Pit  
  169  10:21  Drone x5, Hydralisk Den  
  173  10:22  Spore Crawler  
  173  10:23  Extractor  
  170  10:32  Zergling x18  
  144  10:44  Zergling x10  
  132  10:51  Zergling x18  
  135  10:59  Zergling x8  
  135  11:05  Zergling x4  
  135  11:10  Zergling x2  
  135  11:11  Zergling x4  
  139  11:12  Zergling x4  
  138  11:21  Zergling x6  
  134  11:28  Zergling x4  
  134  11:31  Drone x3, Hive  
  127  11:35  Zergling x4  
  125  11:42  Baneling x3  
  125  11:43  Baneling x8  
  125  11:46  Zergling x16  
  133  11:48  Baneling x7  
  133  11:51  Hatchery  
  133  11:52  Zergling x10  
  137  11:54  Baneling  
  137  11:58  Grooved Spines, Zerg Missile Weapons Level 1  
  137  12:03  Zergling x4  
  137  12:04  Zergling x14  
  144  12:09  Zergling x2  
  144  12:10  Zergling x6  
  144  12:12  Baneling x11  
  148  12:23  Zergling x24  
  160  12:30  Baneling  
  160  12:31  Baneling x6  
  160  12:36  Zergling x16  
  150  12:49  Zergling x20  
  147  12:56  Zergling x18  
  155  13:02  Baneling x10  
  155  13:04  Hatchery  
  153  13:10  Zergling x18  
  153  13:14  Baneling  
  153  13:15  Baneling x5  
  153  13:16  Zergling x2  
  153  13:17  Zergling x8  
  157  13:22  Zergling x10  
  158  13:29  Zergling x10  
  156  13:36  Hatchery  
  156  13:40  Zergling x16  
  157  13:45  Baneling x9  
  155  13:58  Zerg Melee Weapons Level 3  
  155  13:59  Zergling x8  
  155  14:00  Zergling x8  
  118  14:12  Zergling x2  
  118  14:13  Zergling x16  
  118  14:21  Zergling x8  
  120  14:32  Zergling x10  
  120  14:33  Zergling x4  
  127  14:41  Hydralisk x6  
  138  14:53  Baneling  
  138  14:54  Baneling x8  
  138  14:58  Baneling x6  
  138  15:03  Baneling x6  
  138  15:13  Hydralisk x6  
  138  15:14  Hydralisk  
  148  15:28  Zergling x20  
  150  15:40  Zergling x2  
  150  15:41  Zergling x18  
  135  15:50  Zergling x12  
  135  15:55  Muscular Augments  
  135  16:03  Zergling x16  
  131  16:10  Zergling x8  
  131  16:11  Overseer  
  132  16:18  Zergling x8  
  125  16:20  Overseer  
  113  16:27  Hydralisk x3  
  112  16:33  Zergling x10  
  112  16:38  Zergling x6  
  111  16:43  Zergling x6  
  111  16:46  Baneling  
  111  16:47  Baneling  
  103  16:54  Overseer  
  103  16:56  Hydralisk x4  
  103  17:00  Baneling  
  111  17:02  Baneling x8  
  111  17:06  Zergling x6  
  114  17:20  Zergling x20  
  123  17:30  Zergling x14  
  130  17:41  Zergling x12  
  134  17:47  Zergling x2  
  134  17:48  Zergling x6  
  137  17:54  Baneling x9  
  137  17:55  Zergling x2  
  131  18:11  Zergling x4  
  131  18:12  Zergling x18  
Show
View Real Time Build Order
Export as new Build Order

HeroMarine Terran 

Build Orders: Reaper Expand 

Get SALT Encoding   

  12  0:00  SCV  
  13  0:12  SCV  
  14  0:17  Supply Depot  
  14  0:24  SCV  
  15  0:38  SCV  
  15  0:39  Barracks  
  15  0:42  Refinery  
  16  0:50  SCV  
  17  1:02  SCV  
  18  1:15  SCV  
  19  1:26  Reaper  
  19  1:27  Orbital Command  
  20  1:40  Command Center  
  20  1:49  Barracks  
  20  1:54  SCV  
  21  1:58  Barracks Reactor  
  21  2:05  Supply Depot  
  21  2:07  SCV  
  22  2:19  SCV  
  22  2:20  Refinery  
  23  2:31  SCV  
  23  2:36  Factory, Barracks Tech Lab  
  24  2:37  Marine x2  
  24  2:43  SCV  
  27  2:53  Orbital Command  
  27  2:55  SCV  
  27  2:57  Stimpack  
  28  3:01  Marine x2  
  28  3:03  Marine  
  31  3:07  SCV  
  32  3:19  SCV x2  
  34  3:21  Starport  
  34  3:23  Factory Reactor  
  34  3:24  Marine  
  34  3:26  Marine  
  36  3:28  Marine  
  36  3:33  SCV  
  38  3:34  Supply Depot  
  38  3:35  SCV  
  39  3:43  Marine  
  39  3:44  Marine  
  39  3:45  Marine, SCV  
  39  3:47  SCV  
  44  3:53  Supply Depot  
  44  3:57  SCV  
  44  3:59  SCV  
  46  4:04  Medivac x2  
  46  4:07  Marine x2  
  46  4:08  Marine  
  46  4:09  SCV  
  54  4:15  Supply Depot, SCV  
  55  4:18  Supply Depot  
  55  4:21  SCV  
  55  4:22  Factory Tech Lab  
  56  4:25  Marine x3  
  56  4:27  SCV  
  60  4:33  SCV  
  61  4:39  Supply Depot, SCV  
  61  4:42  Widow Mine  
  61  4:43  Combat Shield  
  61  4:44  Marine x3  
  67  4:45  SCV  
  67  4:49  Medivac  
  70  4:58  Command Center  
  70  5:08  Marine x3, SCV x2  
  72  5:16  Barracks  
  72  5:19  Engineering Bay  
  72  5:20  Engineering Bay, SCV x2  
  74  5:26  Marine  
  74  5:28  Marine x2  
  76  5:29  Refinery  
  76  5:31  Refinery  
  76  5:32  SCV x2  
  79  5:36  Starport Reactor  
  79  5:38  Siege Tank  
  82  5:43  Marine  
  82  5:44  SCV x2  
  82  5:46  Marine  
  86  5:51  Marine  
  86  5:53  Terran Infantry Weapons Level 1  
  86  5:54  Supply Depot  
  86  5:56  SCV x2  
  85  6:01  Marine  
  85  6:03  Marine  
  82  6:04  Marine x2  
  82  6:08  Marine, SCV x2  
  83  6:17  Medivac x2, Supply Depot  
  87  6:19  Marine  
  87  6:21  Marine, SCV x2  
  87  6:22  Marine x2  
  87  6:25  Siege Tank  
  96  6:26  Marine  
  97  6:33  SCV x2  
  97  6:37  Marine  
  97  6:38  Supply Depot  
  97  6:39  Marine  
  101  6:40  Marine, Orbital Command  
  101  6:45  SCV x2  
  104  6:53  Barracks  
  104  6:54  Marine, Barracks  
  104  6:55  Marine  
  104  6:57  Siege Tank, SCV  
  104  6:58  Marine x2  
  104  6:59  Marine  
  113  7:06  SCV x2  
  114  7:08  Medivac x2  
  114  7:10  SCV  
  114  7:12  Marine x2  
  121  7:18  Supply Depot, SCV x2  
  121  7:20  Supply Depot x2  
  121  7:25  Marine  
  121  7:26  Marine x2  
  121  7:29  SCV  
  120  7:30  Marine x2, SCV  
  120  7:33  Siege Tank  
  120  7:36  SCV  
  119  7:41  SCV  
  119  7:43  Marine x2  
  119  7:44  Marine  
  113  7:46  Medivac  
  113  7:48  Marine x2, Barracks Reactor x2  
  117  7:52  SCV  
  117  8:00  Marine, Medivac  
  117  8:01  Marine x2  
  117  8:03  Factory  
  120  8:06  Marine x2  
  120  8:09  Refinery  
  122  8:18  Marine  
  122  8:19  Marine x2  
  127  8:23  Marine  
  127  8:24  Marine, Widow Mine  
  131  8:27  Terran Infantry Armor Level 1, Armory  
  131  8:34  Marine x3  
  132  8:36  Marine, Command Center  
  132  8:37  Marine x3, Supply Depot x2  
  140  8:41  Marine x2  
  140  8:42  Liberator x2  
  140  8:47  Factory Reactor  
  140  8:48  Widow Mine  
  146  8:51  Marine  
  146  8:52  Marine x2  
  146  8:54  Marine x2  
  146  8:55  Marine x2  
  148  8:59  Marine x2  
  150  9:09  Marine x3, SCV x2  
  153  9:11  Barracks, SCV  
  153  9:12  Marine x3, Barracks  
  153  9:13  Marine  
  153  9:14  Barracks  
  153  9:16  Terran Infantry Weapons Level 2  
  159  9:17  Marine x2  
  159  9:18  Sensor Tower  
  161  9:25  Medivac x2  
  165  9:33  Marine  
  165  9:34  Marine  
  165  9:36  Marine x3  
  165  9:37  Marine x2  
  165  9:41  Drilling Claws  
  165  9:45  Supply Depot  
  165  9:46  Marine x2, Supply Depot  
  165  9:47  Widow Mine x3  
  165  9:50  Marine  
  165  9:52  Marine  
  173  10:01  Marine x3, Medivac x2  
  180  10:08  Widow Mine x2  
  180  10:11  Barracks Tech Lab  
  180  10:12  Barracks Tech Lab  
  184  10:16  Marine x2  
  184  10:17  Marine x2, Barracks Tech Lab  
  184  10:21  Marine x4  
  188  10:23  Widow Mine  
  181  10:30  Widow Mine  
  181  10:32  Marine x2  
  168  10:36  Widow Mine  
  168  10:41  Orbital Command  
  158  10:43  Marine x2  
  158  10:44  Widow Mine  
  158  10:45  Marine, Marauder  
  158  10:46  Marauder  
  158  10:49  Marine x3  
  153  10:50  Marauder  
  153  10:51  Marauder  
  153  10:55  SCV x3  
  139  10:57  Marine x2  
  118  11:06  Marauder  
  118  11:07  Marauder, SCV  
  118  11:08  Planetary Fortress  
  118  11:10  SCV x2  
  125  11:12  Marauder x2  
  123  11:19  SCV  
  123  11:22  SCV x2  
  123  11:28  Marauder  
  123  11:29  Marauder  
  123  11:31  SCV  
  116  11:33  Marine x2, Marauder x2  
  116  11:34  SCV x2  
  124  11:41  Widow Mine  
  124  11:42  Medivac, Widow Mine x2  
  124  11:43  Medivac  
  124  11:44  SCV  
  124  11:45  SCV  
  124  11:46  SCV x2  
  138  11:49  Marauder  
  138  11:50  Marauder  
  138  11:51  Marine  
  143  11:54  Marine x3  
  143  11:55  Marauder  
  143  11:56  SCV  
  143  11:57  SCV  
  143  11:58  SCV  
  143  11:59  SCV  
  143  12:00  Marauder  
  154  12:04  Concussive Shells  
  154  12:06  Marine  
  154  12:07  Marine x2  
  154  12:08  SCV  
  158  12:10  Marauder  
  158  12:11  Marine x2  
  158  12:12  Marine, Marauder  
  165  12:18  Marine x3  
  165  12:21  Marine  
  169  12:24  Marine  
  169  12:25  Marine x2  
  169  12:28  Marine  
  169  12:29  Marine  
  174  12:30  Marine  
  174  12:31  Supply Depot  
  174  12:32  Marauder, Supply Depot x2  
  174  12:33  Marauder  
  174  12:36  Marine  
  180  12:42  Supply Depot  
  180  12:43  Marine  
  180  12:44  Supply Depot  
  180  12:49  Marine x2  
  180  12:50  Marauder  
  154  12:53  Marauder  
  154  12:54  Marauder  
  154  12:58  Marine  
  154  12:59  Marine  
  154  13:01  Marauder  
  154  13:02  Terran Infantry Armor Level 2, Terran Infantry Weapons Level 3  
  154  13:04  Marine x2  
  160  13:05  Marine  
  160  13:06  Marine  
  160  13:07  Marine x2  
  160  13:11  Marauder  
  165  13:12  Widow Mine  
  165  13:13  Widow Mine  
  165  13:14  Marine  
  165  13:15  Marine  
  165  13:16  Marine x2  
  165  13:22  Marine x2  
  165  13:23  Marine x2, Marauder  
  165  13:25  Marine x2  
  172  13:32  Marine, Marauder  
  173  13:35  Marine x2, Marauder  
  159  13:42  Widow Mine x3  
  159  13:45  Marauder  
  159  13:46  Marine x3  
  165  13:50  Marine x2  
  167  13:57  Marine x2  
  167  13:59  Marauder  
  133  14:03  Marauder  
  133  14:07  Widow Mine x2  
  133  14:08  Widow Mine  
  135  14:11  Medivac  
  135  14:12  Marine  
  135  14:13  Marine  
  135  14:15  Marine  
  140  14:18  Marine x2  
  141  14:27  Marine  
  141  14:28  Marine  
  141  14:29  Widow Mine x2  
  145  14:32  Marine x2  
  145  14:35  Marine x2  
  147  14:39  Marine x2  
  147  14:45  Widow Mine  
  151  14:48  Marine  
  151  14:50  Widow Mine x2  
  156  14:57  Marine  
  157  15:02  Missile Turret  
  157  15:09  Marauder  
  148  15:15  Marauder  
  148  15:16  Marine  
  148  15:18  Marine x3  
  154  15:21  Orbital Command  
  154  15:26  Widow Mine x2  
  155  15:38  Marauder  
  155  15:41  Marine x2  
  155  15:42  Marine  
  137  15:44  Marine  
  130  15:51  Marine x2  
  130  15:55  Marine  
  130  15:56  Marine  
  133  16:01  Marine x4  
  118  16:11  Widow Mine x2  
  118  16:12  Marine, Marauder  
  118  16:13  Marine  
  118  16:15  Marine  
  118  16:17  Marine  
  114  16:19  Marine  
  114  16:23  Marine  
  114  16:24  Marine x2  
  108  16:28  Marine x2  
  108  16:31  Marine  
  108  16:32  Marine  
  102  16:34  Marine x2  
  102  16:37  Marine  
  96  16:41  Widow Mine x2  
  96  16:42  Medivac  
  96  16:45  Medivac  
  92  16:48  Marine  
  92  16:52  Marine x2  
  92  16:53  Marine x3  
  91  16:56  Widow Mine  
  91  16:58  Marine  
  91  16:59  Marine  
  95  17:02  Marauder  
  95  17:03  Widow Mine  
  95  17:07  Marauder x2  
  95  17:08  Marauder  
  105  17:09  Marine  
  105  17:12  Widow Mine  
  105  17:13  Medivac  
  105  17:15  Medivac, Orbital Command  
  112  17:18  Missile Turret  
  112  17:25  Marine, Marauder  
  112  17:27  Marine x2  
  112  17:28  Marine x2, Marauder  
  119  17:31  Marine x2  
  119  17:36  Marine x2  
  123  17:40  SCV x2  
  123  17:41  SCV  
  123  17:43  Medivac  
  110  17:52  SCV x2  
  110  17:53  SCV  
  109  18:02  Marine  
  109  18:04  SCV x2  
  107  18:10  Marine  
Tags
 
Add a new tag
Caveats
  • Supply blocks, unpowered buildings, or Contaminate may cause inaccurate times.
  • Supply counts are checked every 10 seconds.